 Dungeon Crawl Stone Soup version 0.21.1-1-g345015f (webtiles) character file.

187 pk666 the Magician (level 5, -5/28 HPs)
             Began as a Deep Elf Wizard on Feb 13, 2018.
             Killed from afar by an orc wizard (8 damage)
             ... with a puff of frost
             ... on level 4 of the Dungeon.
             The game lasted 00:07:09 (4058 turns).

pk666 the Magician (Deep Elf Wizard)                Turns: 4058, Time: 00:07:10

Health: -5/28      AC:  3    Str:  4    XL:     5   Next: 39%
Magic:  9/15       EV: 13    Int: 24    God:
Gold:   105        SH:  0    Dex: 13    Spells: 6/15 levels left

rFire    . . .     SeeInvis .   f - +0 dagger
rCold    . . .     Gourm    .   (no shield)
rNeg     . . .     Faith    .   a - +0 robe
rPois    .         Spirit   .   b - +0 hat
rElec    .         Reflect  .   (no cloak)
rCorr    .         Harm     .   v - +0 pair of gloves
MR       .....                  (no boots)
Stlth    ++........             (no amulet)
HPRegen  0.09/turn              l - ring of wizardry
MPRegen  0.14/turn              (no ring)

@: slowed, very slow
A: no striking features
a: no special abilities


You were on level 4 of the Dungeon.
You were very hungry.

You visited 1 branch of the dungeon, and saw 4 of its levels.

You collected 105 gold pieces.

Inventory:

Hand Weapons
 f - a +0 dagger (weapon)
Armour
 a - a +0 robe (worn)
 b - a +0 hat (worn)
 v - a +0 pair of gloves (worn)
Jewellery
 l - a ring of wizardry (left hand)
 u - an uncursed ring of wizardry
Wands
 r - a wand of random effects (32)
Scrolls
 e - 6 scrolls of identify {unknown}
 g - a scroll of fog {unknown}
 j - a scroll of enchant weapon {unknown}
 k - 2 scrolls of teleportation {unknown}
 o - 2 scrolls of remove curse {unknown}
 p - 2 scrolls of blinking {unknown}
 q - a scroll of magic mapping {unknown}
 s - a scroll of random uselessness {unknown}
Potions
 h - a potion of heal wounds {unknown}
 i - a potion of degeneration {unknown}
 m - a potion of magic {unknown}
 n - a potion of brilliance {unknown}
Books
 c - a book of Minor Magic

   Spells                             Type                      Level
   a - Magic Dart                     Conjuration                  1
   b - Blink                          Translocation                2
   c - Call Imp                       Summoning                    2
   d - Slow                           Hexes                        2
   e - Conjure Flame                  Conjuration/Fire             3
   f - Mephitic Cloud                 Conjuration/Poison/Air       3
Comestibles
 d - 6 rations


   Skills:
 + Level 3.4 Dodging
 - Level 2.4 Stealth
 * Level 5.5 Spellcasting
 * Level 3.1 Conjurations
   Level 1.1 Summonings
 - Level 1.1 Translocations
 * Level 1.7 Fire Magic
 * Level 1.5 Air Magic
 * Level 1.5 Poison Magic


You had 6 spell levels left.
You knew the following spells:

 Your Spells              Type           Power        Failure   Level  Hunger
a - Magic Dart            Conj           ###.         1%          1    None
b - Blink                 Tloc           N/A          3%          2    None
d - Conjure Flame         Conj/Fire      ###.....     4%          3    #......
z - Mephitic Cloud        Conj/Pois/Air  ###.....     4%          3    #......


Dungeon Overview and Level Annotations

Branches:
Dungeon (4/15)
 Temple: D:4-7

Altars:


Message History

Aim: an orc wizard, wielding a dagger and wearing a robe (heavily wounded)
The magic dart hits the orc wizard.
The orc wizard is heavily wounded.
A worker ant and an orc wizard come into view.
The orc wizard looks braver for a moment.
The orc wizard gestures at you while chanting.
The magic dart hits you! The orc wizard casts a spell at you.
The magic dart hits you! The orc wizard casts a spell at you.
You feel yourself slow down. The orc wizard casts a spell at you.
The magic dart hits you!
* * * LOW HITPOINT WARNING * * *
Casting: Magic Dart
Confirm with . or Enter, or press ? or * to list all spells.
You blink.
The orc misses you.
The orc wizard gestures at you while chanting.
The puff of frost hits you!
You die...

#.# ### .. ...
##.## #.# .... #.#
# ##.####.########
#.#....o...ยง.....#
#.#.#o#..o######.#
#....a@........#.#
.
###.#.###.####.#<#
... #.#.# #.# ###
o....###.#.# #.#
a)o.o..o.#..##.#
####.........#.#
#.....##..#<#
#.....##..#.#
#.....##....#


You could see a worker ant, 2 orc wizards and an orc.

Vanquished Creatures
  Jessica (D:3)
  Natasha (D:4)
  Terence (D:3)
  An adder (D:2)
  3 gnolls (D:3)
  An ooze (D:2)
  2 dart slugs
  5 leopard geckos
  An orc (D:4)
  A ball python (D:2)
  A giant cockroach (D:3)
  10 hobgoblins
  3 jackals (D:1)
  9 kobolds
  2 quokkas
  5 bats
  5 frilled lizards
  5 goblins
  7 rats
64 creatures vanquished.

Notes
Turn   | Place    | Note
-------+----------+-------------------------------------------
     0 | D:1      | pk666 the Deep Elf Wizard began the quest for the Orb.
     0 | D:1      | Reached XP level 1. HP: 10/10 MP: 7/7
   197 | D:1      | Reached XP level 2. HP: 11/15 MP: 0/9
   847 | D:1      | Reached skill level 5 in Spellcasting
   847 | D:1      | Reached XP level 3. HP: 19/19 MP: 6/11
   852 | D:1      | Learned a level 2 spell: Blink
   856 | D:1      | Learned a level 3 spell: Mephitic Cloud
   860 | D:1      | Learned a level 3 spell: Conjure Flame
  2097 | D:3      | Noticed Jessica
  2104 | D:3      | Killed Jessica
  2104 | D:3      | Reached skill level 1 in Poison Magic
  2104 | D:3      | Reached XP level 4. HP: 23/24 MP: 4/13
  2342 | D:3      | Reached skill level 1 in Fire Magic
  2352 | D:3      | Reached skill level 1 in Air Magic
  2681 | D:3      | Noticed Terence
  2831 | D:3      | Killed Terence
  2977 | D:3      | Reached XP level 5. HP: 28/28 MP: 7/14
  3598 | D:4      | Noticed Natasha
  3896 | D:4      | Killed Natasha
  4058 | D:4      | Killed from afar by an orc wizard

Skill      XL: |  1  2  3  4  5 |
---------------+----------------+-----
Dodging        | 3 |  3.4
Conjurations   | 2 3 |  3.1
Spellcasting   | 5 |  5.5
Poison Magic   | 1 |  1.5
Fire Magic     | 1 |  1.7
Air Magic      | 1 |  1.5
Stealth        | |  2.4
Summonings     | |  1.1
Translocations | |  1.1

Action                   |  1- 3 |  4- 6 || total
-------------------------+-------+-------++-------
 Cast: Magic Dart        |    99 |    86 ||   185
       Conjure Flame     |       |     4 ||     4
       Blink             |       |     2 ||     2
  Eat: Chunk             |     3 |     5 ||     8
Armor: Robe              |     4 |     2 ||     6
Dodge: Dodged            |    19 |    12 ||    31
